 Dungeon Crawl Stone Soup version 0.30.1-3-gfc49f6343a (webtiles) character file.

Game seed: 3973153135290453944

24248 safid the Frost Mage (level 13, -1/118 HPs)
             Began as a Merfolk Ice Elementalist on July 25, 2023.
             Was a High Priest of Vehumet.
             Shot with an arrow by Nessos (4 damage)
             ... on level 3 of the Lair of Beasts.
             The game lasted 00:39:08 (15478 turns).

safid the Frost Mage (Merfolk Ice Elementalist)    Turns: 15478, Time: 00:39:08

Health: -1/118     AC: 18    Str: 14    XL:     13   Next: 11%
Magic:  20/27      EV: 22    Int: 19    God:    Vehumet [*****.]
Gold:   1588       SH:  0    Dex: 23    Spells: 25/32 levels left

rFire   . . .        w - +4 dagger of Mayhem {flame, rElec Str+5 SInv}
rCold   + . .        (no shield)
rNeg    . . .        F - +2 robe {rC+}
rPois   +            e - +2 helmet of Bitterness {Dex+3 Slay+5}
rElec   +            (no cloak)
rCorr   .            (no gloves)
SInv    +            I - +0 pair of boots
Will    .....        (no amulet)
Stlth   +++++        y - ring of Shadows {Umbra +Inv Stlth+}
HPRegen 0.39/turn    k - ring of Dobboid {rPois Dex+6 Slay+3}
MPRegen 0.20/turn

%: no passive effects
@: ice-armoured, about to teleport, freezing walls, wreathed by umbra
A: (nimble swimmer 2), mertail, robust 1, shaggy fur 1
a: Renounce Religion, Evoke Invisibility


You were on level 3 of the Lair of Beasts.
You worshipped Vehumet.
Vehumet was extremely pleased with you.
You visited 3 branches of the dungeon, and saw 14 of its levels.
You also visited: Sewer, Ossuary and Bailey.

You collected 1588 gold pieces.

Inventory:

Hand Weapons
 w - the +4 dagger of Mayhem (weapon) {flame, rElec Str+5 SInv}
   (You found it on level 6 of the Dungeon)

   Str:       It affects your strength (+5).
   rElec:     It insulates you from electricity.
   SInv:      It lets you see invisible.
Missiles
 d - 2 throwing nets
 B - 10 curare-tipped darts
Armour
 e - the +2 helmet of Bitterness (worn) {Dex+3 Slay+5}
   (You acquired it on level 6 of the Dungeon)

   Dex:       It affects your dexterity (+3).
   Slay:      It affects your accuracy & damage with ranged weapons and melee
   (+5).
 F - a +2 robe of cold resistance (worn)
 I - a +0 pair of boots (worn)
Jewellery
 h - a ring of flight
 k - the ring of Dobboid (right hand) {rPois Dex+6 Slay+3}
   (You acquired it on level 6 of the Dungeon)

   [ring of dexterity]

   Dex:       It affects your dexterity (+6).
   Slay:      It affects your accuracy & damage with ranged weapons and melee
   (+3).
   rPois:     It protects you from poison.
 y - the ring of Shadows (left hand) {Umbra +Inv Stlth+}
   (You took it off an orc warrior in a bailey)

   [ring of stealth]

   Umbra:     It surrounds you with an aura of shadow, increasing your stealth
   and reducing the accuracy of all others within it.
   +Inv:      It lets you turn invisible.
   Stlth:     It makes you more stealthy.
 C - a ring of ice
 J - an amulet of the acrobat
Wands
 a - a wand of polymorph (15)
 b - a wand of paralysis (14)
 c - a wand of quicksilver (7)
 j - a wand of flame (10)
 G - a wand of roots (10)
 M - a wand of digging (2)
Scrolls
 i - 3 scrolls of fear
 l - 8 scrolls of teleportation
 n - 2 scrolls of enchant weapon
 p - a scroll of butterflies
 q - 3 scrolls of blinking
 r - a scroll of enchant armour
 x - a scroll of magic mapping
 D - a scroll of amnesia
 E - a scroll of silence {unknown}
 K - a scroll of poison {unknown}
 L - a scroll of fog {unknown}
 N - a scroll of identify
Potions
 f - 2 potions of might
 g - a potion of invisibility {unknown}
 m - 6 potions of heal wounds
 o - 2 potions of resistance
 s - 2 potions of brilliance
 t - a potion of cancellation
 u - 3 potions of haste
 v - 2 potions of curing
 H - a potion of lignification {unknown}
 O - a potion of ambrosia
Miscellaneous
 z - a tin of tremorstones (2/2)
 A - a box of beasts


   Skills:
 - Level 12.0 Fighting
 - Level 12.0 Dodging
 - Level 3.0 Stealth
 - Level 10.0 Spellcasting
 + Level 14.6 Ice Magic


You had 25 spell levels left.
You knew the following spells:

 Your Spells              Type           Power      Damage    Failure   Level
a - Freeze                Ice            100%       1d10      0%          1
b - Frozen Ramparts       Ice            100%       1d16      1%          3
c - Ozocubu's Armour      Ice            60%        N/A       1%          3

Your spell library contained the following spells:

 Spells                   Type           Power      Damage    Failure   Level
 Orb of Destruction       Conj           4%         9d5       100%        7
 Kiss of Death            Conj/Necr      36%        2d8       2%          1
 Magic Dart               Conj           36%        1d4       2%          1
 Summon Ice Beast         Ice/Summ       37%        N/A       3%          4
 Mephitic Cloud           Conj/Pois/Air  9%         N/A       6%          3
 Call Imp                 Summ           18%        N/A       11%         2
 Cigotuvi's Dreadful Rot  Necr/Pois/Air  18%        N/A       11%         2
 Confusing Touch          Hex            9%         N/A       22%         3
 Vhi's Electric Charge    Tloc/Air       18%        N/A       22%         3
 Arcjolt                  Conj/Air       4%         1d14      45%         5
 Anguish                  Hex/Necr       4%         N/A       58%         4
 Cause Fear               Hex            4%         N/A       58%         4
 Dispel Undead            Necr           9%         3d8       58%         4
 Passage of Golubria      Tloc           9%         N/A       58%         4
 Silence                  Hex/Air        4%         N/A       90%         5
 Death Channel            Necr           4%         N/A       100%        6
 Enfeeble                 Hex            4%         N/A       100%        7
 Lehudib's Crystal Spear  Conj/Erth      4%         10d3      100%        8
 Maxwell's Capacitive Co  Air            4%         ∞         100%        8


Dungeon Overview and Level Annotations

Branches:
Dungeon (10/15)            Temple (1/1) D:4            Lair (3/5) D:8
 Shoals (0/4) Lair:3        Snake (0/4) Lair:2        Sewer (visited)
Ossuary (visited)          Bailey (visited)
    Orc: D:9-12

Altars:
Ashenzari
Cheibriados
Dithmenos
Elyvilon
Fedhas
Gozag
Hepliaklqana
Kikubaaqudgha
Makhleb
Nemelex Xobeh
Okawaru
Qazlal
Ru
Sif Muna
Trog
Uskayaw
Vehumet
Wu Jian
Xom
Yredelemnul
Zin
The Shining One

Shops:
D:10 (

Annotations:
D:6 1 runed translucent door, Crazy Yiuf
Lair:3 Nessos


Innate Abilities, Weirdness & Mutations

((You are very nimble when in or above water. (Stealth+, EV+, Speed+++)))
Your lower body shifts to a powerful aquatic tail in water.
You are robust. (+10% HP)
You are covered in fur. (AC +1)


Message History

You barely miss the cane toad.
The cane toad is lightly wounded.
The wall freezes the cane toad but does no damage.
The cane toad stings you!
You are poisoned.
The cane toad poisons you!
Nessos intently looks at you, slowly moving their tail.
Nessos shoots an arrow.
The arrow misses you.
You hit the cane toad. You burn the cane toad.
The cane toad is lightly wounded.
You feel very sick.
The cane toad is no longer moving slowly.
Nessos casts a spell.
Nessos blinks!
The wall freezes the cane toad!
The cane toad seems to slow down.
The cane toad stings you!
* * * LOW HITPOINT WARNING * * *
Nessos casts a spell.
Nessos blinks!
Unknown command.
Unknown command.
You feel better.
The wall freezes Nessos but does no damage.
Nessos unwields a +1 longbow of flaming.
It stops flaming.
Nessos hits you.
* * * LOW HITPOINT WARNING * * *
Nessos kicks you but does no damage.
The wall freezes Nessos but does no damage.
Nessos mumbles some strange words.
Nessos blinks!
The wall freezes the cane toad but does no damage.
The cane toad stings you!
* * * LOW HITPOINT WARNING * * *
Unknown command.
Unknown command.
As you read the scroll of teleportation, it crumbles to dust.
You feel strangely unstable.
Nessos wields a +1 longbow of flaming.
It bursts into flame!
Nessos shoots an arrow.
The arrow hits you!
* * * LOW HITPOINT WARNING * * *
The arrow burns you.
You die...

###....# #.#### ##....P#
###..### #..#P###.....##
##...#####.##.........##
##..#.................c#
#.#....................#
.......#...............##
......#####..P###.......#
......P####...###......##
.P#P..##..#....#@.......#
..P......§......#F#.....#
...[...###..............#
......###...............#
..#...# #...............#
..##P.# ##...##.........#
..###.####....#..##......#
...##..#.....##...#.$...##
.............#.....#..?##


You could see Nessos (fast) and a cane toad (slow).

Vanquished Creatures
  Fannar (D:10)
  Sonja (Lair:2)
  Pikel (D:5)
  A salamander (Lair:2)
  A black mamba (Lair:2)
  A merfolk siren (Lair:3)
  4 cane toads
  An unseen horror (D:10)
  Maggie (D:7)
  A komodo dragon (Lair:2)
  2 rime drakes
  2 polar bears
  4 blink frogs (Lair:2)
  3 hornets
  Prince Ribbit (D:9)
  Eustachio (D:5)
  57 yaks
  A wraith (D:10)
  3 wyverns
  2 vampire mosquitoes (D:10)
  A steam dragon (D:7)
  Menkaure (D:4)
  Edmund (D:4)
  An acid dragon (D:8)
  9 water moccasins
  12 orc warriors
  3 sky beasts
  Pargi (Sewer)
  3 black bears
  An ogre (D:6)
  6 wolves (Lair:2)
  4 centaurs
  3 phantoms
  An elf zombie (Ossuary)
  12 kobold brigands
  6 bullfrogs
  Blork the orc (D:9)
  6 necrophages (Lair:2)
  2 scorpions
  3 gnoll sergeants (D:9)
  A wight (D:9)
  9 killer bees
  An electric eel (Lair:3)
  4 howler monkeys
  3 jellies
  3 gnoll boudas
  An orc priest (D:6)
  8 hounds
  3 sleepcaps
  A hell rat (Lair:3)
  2 iguanas
  7 orc wizards
  3 mummies (Ossuary)
  Robin (D:2)
  26 gnolls
  6 adders
  2 shadow imps
  A white imp (D:5)
  An ufetubus (D:5)
  2 adder zombies (Ossuary)
  A worm (D:6)
  A dart slug (D:3)
  22 orcs
  8 endoplasms
  3 giant cockroaches
  15 goblins
  8 hobgoblins
  4 jackals (D:2)
  39 kobolds
  3 quokkas
  9 ball pythons
  3 bats
  2 frilled lizards (Sewer)
  3 goblin zombies (Ossuary)
  3 hobgoblin zombies (Ossuary)
  3 kobold zombies (Ossuary)
  5 quokka zombies
  3 rats (D:2)
  3 rat zombies
389 creatures vanquished.

Notes
Turn   | Place    | Note
-------+----------+-------------------------------------------
     0 | D:1      | safid the Merfolk Ice Elementalist began the quest for the
                  | Orb.
     0 | D:1      | Reached XP level 1. HP: 13/13 MP: 3/3
   370 | D:1      | Reached XP level 2. HP: 18/20 MP: 3/5
   512 | D:1      | Reached skill level 1 in Fighting
  1211 | D:2      | Reached XP level 3. HP: 18/26 MP: 3/6
  1266 | D:2      | Learned a level 3 spell: Frozen Ramparts
  1317 | D:2      | Learned a level 3 spell: Ozocubu's Armour
  1770 | D:2      | Reached skill level 5 in Ice Magic
  2025 | D:2      | Reached XP level 4. HP: 3/33 MP: 1/8
  2279 | D:3      | Noticed Robin
  2292 | D:2      | Killed Robin
  2365 | D:3      | Reached XP level 5. HP: 35/39 MP: 2/9
  3081 | D:4      | Noticed Menkaure
  3081 | D:4      | Found a staircase to the Ecumenical Temple.
  3098 | D:4      | HP: 1/41 [Menkaure (6)]
  3100 | D:4      | Killed Menkaure
  3101 | D:4      | Reached skill level 6 in Ice Magic
  3101 | D:4      | Reached XP level 6. HP: 2/48 MP: 7/11
  3287 | Temple   | Entered the Ecumenical Temple
  3705 | Temple   | Became a worshipper of Vehumet
  3832 | D:4      | Found a shimmering blue altar of Sif Muna.
  4070 | D:4      | Noticed Edmund
  4097 | D:4      | Gained mutation: Your spells are a little easier to cast,
                  | but a little less powerful. [potion of mutation]
  4097 | D:4      | Gained mutation: You are frail. (-10% HP) [potion of
                  | mutation]
  4097 | D:4      | Lost mutation: Your spells are a little easier to cast, but
                  | a little less powerful. [potion of mutation]
  4112 | D:4      | Killed Edmund
  4113 | D:4      | Reached XP level 7. HP: 6/48 MP: 4/13
  4281 | D:4      | Found a sacrificial altar of Ru.
  4638 | D:5      | Entered Level 5 of the Dungeon
  4669 | D:5      | Found a sand-covered staircase.
  4698 | Ossuary  | Entered an ossuary
  5095 | Ossuary  | Reached * piety under Vehumet
  5095 | Ossuary  | Offered knowledge of Sandblast by Vehumet.
  5250 | D:5      | Noticed Pikel
  5269 | D:5      | Killed Pikel
  5270 | D:5      | Reached skill level 5 in Fighting
  5270 | D:5      | Reached skill level 5 in Dodging
  5270 | D:5      | Reached skill level 5 in Spellcasting
  5270 | D:5      | Reached skill level 7 in Ice Magic
  5270 | D:5      | Reached XP level 8. HP: 50/56 MP: 9/15
  5382 | D:5      | Noticed Eustachio
  5401 | D:5      | Killed Eustachio
  5553 | D:5      | Lost mutation: You are frail. (-10% HP) [potion of
                  | mutation]
  5553 | D:5      | Gained mutation: You are covered in fur. (AC +1) [potion of
                  | mutation]
  5553 | D:5      | Gained mutation: You are robust. (+10% HP) [potion of
                  | mutation]
  6032 | D:5      | Reached XP level 9. HP: 73/75 MP: 11/17
  6441 | D:5      | Reached skill level 8 in Ice Magic
  6597 | D:6      | Reached ** piety under Vehumet
  6597 | D:6      | Offered knowledge of Momentum Strike by Vehumet.
  6630 | D:6      | Found a glowing drain.
  6645 | Sewer    | Entered a sewer
  6716 | Sewer    | Noticed Pargi
  6723 | Sewer    | Killed Pargi
  6949 | D:6      | Identified the +4 dagger of Mayhem {flame, rElec Str+5
                  | SInv}
  7023 | D:5      | Identified 3 scrolls of acquirement
  7456 | D:6      | Found a runed translucent door.
  7457 | D:6      | Noticed Crazy Yiuf
  7679 | D:6      | Identified the ring of the Ethereal God {Ice Dex+2 SInv
                  | Stlth-}
  8458 | D:7      | Noticed Maggie
  8614 | D:6      | Acquired the ring of Dobboid {rPois Dex+6 Slay+3}
  8621 | D:6      | Acquired 566 gold pieces
  8623 | D:6      | Acquired the +2 helmet of Bitterness {Dex+3 Slay+5}
  8648 | D:7      | Reached skill level 9 in Ice Magic
  8658 | D:7      | Reached XP level 10. HP: 66/88 MP: 11/20
  8670 | D:7      | Killed Maggie
  9317 | D:8      | Offered knowledge of Inner Flame by Vehumet.
  9496 | D:8      | Found a flagged portal.
  9506 | Bailey   | Entered a bailey
  9534 | Bailey   | Reached *** piety under Vehumet
  9782 | Bailey   | Found a bloodstained altar of Trog.
  9948 | D:8      | Offered knowledge of Olgreb's Toxic Radiance by Vehumet.
 10134 | D:8      | Found a staircase to the Lair.
 10456 | D:9      | Reached skill level 10 in Ice Magic
 10518 | D:9      | Reached **** piety under Vehumet
 10712 | D:9      | Offered knowledge of Freezing Cloud by Vehumet.
 10713 | D:9      | Reached skill level 10 in Dodging
 10722 | D:9      | Reached XP level 11. HP: 93/97 MP: 19/23
 11066 | D:9      | Noticed Blork the orc
 11074 | D:9      | Killed Blork the orc
 11404 | D:9      | Noticed Prince Ribbit
 11424 | D:9      | Killed Prince Ribbit
 11523 | D:10     | Entered Level 10 of the Dungeon
 11554 | D:10     | Noticed Fannar
 11583 | D:10     | Killed Fannar
 11892 | D:10     | Reached skill level 10 in Fighting
 11899 | D:10     | Reached skill level 11 in Ice Magic
 11900 | D:10     | Reached ***** piety under Vehumet
 11954 | D:10     | Found Siskuor's Antique Weapon Shoppe.
 12266 | D:10     | Offered knowledge of Orb of Destruction by Vehumet.
 12663 | Lair:1   | Entered Level 1 of the Lair of Beasts
 12899 | Lair:1   | Reached XP level 12. HP: 95/107 MP: 25/25
 13758 | Lair:2   | Reached skill level 12 in Ice Magic
 13849 | Lair:2   | Reached skill level 10 in Spellcasting
 13950 | Lair:2   | Found a broken altar of Ashenzari.
 14034 | Lair:2   | Noticed Sonja
 14058 | Lair:2   | Killed Sonja
 14273 | Lair:2   | Reached skill level 13 in Ice Magic
 14609 | Lair:2   | Found a staircase to the Snake Pit.
 15090 | Lair:3   | Found a staircase to the Shoals.
 15141 | Lair:3   | Reached XP level 13. HP: 118/118 MP: 24/27
 15173 | Lair:3   | Noticed Nessos
 15326 | Lair:3   | Reached skill level 14 in Ice Magic
 15478 | Lair:3   | HP: 3/118 [Nessos/arrow (7)]
 15478 | Lair:3   | Shot with an arrow by Nessos

Illustrated notes

Levels and vault maps discovered:
D:1:      lemuel_arrival_tunnels, layout_loops_corners, serial_bayou_crossing
D:2:      layout_loops_ring
D:3:      layout_rooms, uniq_robin
D:4:      layout_loops_ring, mainiacjoe_overflow_large_starburst,
          minmay_temple_entry_crystal_x, minmay_misc_feat_rows, uniq_edmund,
          uniq_menkaure
D:5:      layout_loops_corners, enter_ossuary_4,
          nicolae_kite_square_tiling_tiny, kennysheep_nub, uniq_eustachio,
          uniq_pikel
D:6:      layout_loops_corners, cheibrodos_sewer_entry_drain,
          uniq_crazy_yiuf_cottage
D:7:      layout_basic, uniq_maggie
D:8:      layout_cave_pools, lair_entry_dummy, enter_bailey_5
D:9:      layout_roguey, grunt_ministairs_14, sword_in_stone,
          uniq_prince_ribbit1
D:10:     layout_basic, serial_shops, nicolae_shop_tiny_glass, glass_columns_b,
          columned_hall_lemuel, uniq_fannar
Temple:   mainiacjoe_temple_big_plus
Lair:1:   layout_cave_shapes
Lair:2:   layout_concentric_octagons, nicolae_snake_entry_warm_welcome,
          basic_altar, roderic_carrion_pond, serial_bayou_shore_b, uniq_sonja
Lair:3:   layout_gridlike, elwin_shoals_entry_rooms, uniq_nessos

Skill      XL: |  1  2  3  4  5  6  7  8  9 10 11 12 13 |
---------------+----------------------------------------+-----
Fighting       | 1 2 3 4 5 6 7 9 10 12 | 12.0
Ice Magic      | 5 6 7 9 10 11 13 14 | 14.6
Spellcasting   | 3 4 5 6 8 9 10 | 10.0
Dodging        | 3 5 6 8 10 11 12 | 12.0
Stealth        | 3 |  3.0

Action                     |  1- 3 |  4- 6 |  7- 9 | 10-12 | 13-15 || total
---------------------------+-------+-------+-------+-------+-------++-------
  Melee: Dagger            |    51 |    73 |    39 |   322 |    26 ||   511
         Punch             |     2 |     2 |     6 |     3 |     2 ||    15
         Unarmed           |     1 |       |       |       |       ||     1
         Flail             |       |       |   120 |       |       ||   120
         Whip              |       |       |    98 |       |       ||    98
         Tailslap          |       |       |       |     3 |       ||     3
   Cast: Freeze            |    34 |    26 |    18 |    26 |       ||   104
         Frozen Ramparts   |     1 |    15 |    42 |    79 |     6 ||   143
         Ozocubu's Armour  |     1 |     8 |    36 |    58 |     4 ||   107
    Use: Potion            |       |     6 |     1 |     1 |     1 ||     9
         Scroll            |       |       |    16 |     5 |     2 ||    23
   Stab: Sleeping          |     2 |     1 |     5 |     4 |       ||    12
 Armour: Robe              |    16 |    17 |    74 |    83 |    10 ||   200
  Dodge: Dodged            |    83 |    89 |   322 |   443 |    51 ||   988
